 Dungeon Crawl Stone Soup version 0.28-a0-43-g560ac104fe (webtiles) character file.

Game seed: 8170088810703930414

26 Lekart the Skirmisher (level 2, -1/27 HPs)
             Began as a Draconian Chaos Knight on July 28, 2021.
             Was a Plaything of Xom.
             Succumbed to an adder's poison
             ... on level 2 of the Dungeon.
             The game lasted 00:00:55 (887 turns).

Lekart the Skirmisher (Draconian Chaos Knight)       Turns: 887, Time: 00:00:56

Health: -1/27      AC:  4    Str: 14    XL:     2   Next: 89%
Magic:  2/2        EV: 12    Int: 12    God:    Xom [.*....]
Gold:   38         SH:  0    Dex: 10    Spells: 1/1 levels left

rFire   + . .      SeeInvis .   a - +0 falchion (chaos)
rCold   + . .      Faith    .   (no shield)
rNeg    . . .      Spirit   .   (armour unavailable)
rPois   +          Reflect  .   (helmet restricted)
rElec   +          Harm     .   (no cloak)
rCorr   +          Rampage  .   (no gloves)
Will    .....                   (no boots)
Stlth   +.........              (no amulet)
HPRegen 0.09/turn               (no ring)
MPRegen 0.08/turn               (no ring)

@: mighty, lethally poisoned (-1 -> -6), resistant, attractive
A: AC +4, unfitting armour, cold-blooded
a: Renounce Religion


You were on level 2 of the Dungeon.
You worshipped Xom.
You were a plaything of Xom.
You visited 1 branch of the dungeon, and saw 2 of its levels.

You collected 38 gold pieces.

Inventory:

Hand Weapons
 a - a +0 falchion of chaos (weapon)
Jewellery
 j - a +6 ring of intelligence
Scrolls
 b - a scroll of silence {unknown}
 c - a scroll of noise {unknown}
 e - a scroll of identify {unknown}
 g - a scroll of fear {unknown}
 h - 2 scrolls of enchant armour {unknown}
Potions
 d - a potion of attraction
 i - a potion of might


   Skills:
 * Level 4.0 Fighting
 + Level 3.4 Long Blades
 + Level 2.3 Dodging


You had one spell level left.
You didn't know any spells.
Your spell library was empty.

Dungeon Overview and Level Annotations

Branches:
Dungeon (2/15)

Altars:


Innate Abilities, Weirdness & Mutations

Your plain brown scales are hard. (AC +4)
You cannot fit into any form of body armour.
You are cold-blooded and may be slowed by cold attacks.


Message History

The stone closely misses the adder.
The adder bites you but does no damage.
You feel very sick.
The adder rages.
The adder barely misses you.
You riposte.
You hit the adder.
The adder seems to slow down.
You freeze the adder.
The adder is heavily wounded.
* * * LOW HITPOINT WARNING * * *
You feel sick.
You feel sick. The adder bites you but does no damage.
* * * LOW HITPOINT WARNING * * *
You feel sick.
It was a potion of attraction.
You feel attractive to monsters.
Xom roars with laughter!
You feel sick. The adder bites you.
* * * LOW HITPOINT WARNING * * *
It was a potion of resistance.
You feel protected.
* * * LOW HITPOINT WARNING * * *
You feel sick. The adder bites you.
You die... "Just one more try."
Xom revives you!
You are lethally poisoned!
The adder poisons you!
It was a potion of might.
You feel very mighty all of a sudden.
* * * LOW HITPOINT WARNING * * *
You feel sick.
The adder is no longer moving slowly.
The adder completely misses you.
You riposte.
You slash the adder! You freeze the adder.
You kill the adder!
Your Fighting skill increases to level 4!
You barely miss the kobold.
* * * LOW HITPOINT WARNING * * *
You feel sick. The kobold barely misses you.
You hit the kobold. You burn the kobold.
You kill the kobold!
You die...
Xom chortles!

...(.....#
.........#
........#
.........
#........
#........
#.......#
########.......#
#....@).........
#.######.......#
#.# .........
##### #.#
#........ #...#
#.# +........
#...# #.#
#........
#...####.#
#......#.
#...'....#
.######
#...######


There were no monsters in sight!

Vanquished Creatures
  An adder (D:2)
  2 ball pythons (D:1)
  2 bats
  2 endoplasms (D:1)
  A giant cockroach (D:2)
  2 goblins (D:1)
  4 kobolds
  A frilled lizard (D:1)
  3 rats (D:1)
18 creatures vanquished.

Vanquished Creatures (others)
  A plant (D:1)
1 creature vanquished.

Grand Total: 19 creatures vanquished

Notes
Turn   | Place    | Note
-------+----------+-------------------------------------------
     0 | D:1      | Lekart the Draconian Chaos Knight began the quest for the
                  | Orb.
     0 | D:1      | Reached XP level 1. HP: 19/19 MP: 1/1
   126 | D:1      | Found a faded altar of an unknown god.
   304 | D:1      | XOM is BORED!
   304 | D:1      | XOM: silly message
   416 | D:1      | Reached XP level 2. HP: 27/27 MP: 2/2
   638 | D:1      | XOM: noise
   884 | D:2      | Xom revived you
   885 | D:2      | HP: 1/27 [poisoned by an adder]
   886 | D:2      | Reached skill level 4 in Fighting
   887 | D:2      | Succumbed to an adder's poison

Illustrated notes

Levels and vault maps discovered:
D:1:      nzn_arrival_crosshair, layout_basic,
          dreamdust_ecumenical_altar_angels_and_demons, serial_forest,
          infiniplex_forest_end_2, infiniplex_forest_straight_4,
          infiniplex_forest_lined_corner, infiniplex_forest_lined_ring,
          infiniplex_forest_clump_tiny, infiniplex_forest_clump_medium
D:2:      cheibrodos_old_hovel, layout_basic

Skill      XL: |  1  2 |
---------------+-------+-----
Fighting       | 4 |  4.0
Long Blades    | |  3.4
Dodging        | |  2.3

Action                   || total
-------------------------++-------
Melee: Falchion          ||    38
  Use: Potion            ||     3
 Stab: Paralysed         ||     1
       Sleeping          ||     1
Armor: Skin              ||    23
Dodge: Dodged            ||    41
       Rpst.: Falchion   ||    19

Table legend: (Time is in decaauts)
 A = Elapsed time spent in this place.
 B = Non-inter-level travel time spent in this place.
 C = Inter-level travel time spent in this place.
 D = Time resting spent in this place.
 E = Time spent auto-exploring this place.
 F = Levels seen in this place.
 G = Mean time per level.
                   A        B        C        D        E       F      G
               +--------+--------+--------+--------+--------+-----+--------+
         Total |    895 |    874 |     21 |      0 |    758 |   2 |  447.5 |
       Dungeon |    895 |    874 |     21 |      0 |    758 |   2 |  447.5 |
               +--------+--------+--------+--------+--------+-----+--------+

Top non-repeatable levels by time:
     D:1: 831 daAuts
     D:2: 63 daAuts
